[Event "*** Titled Tuesday Blitz"]
[Site "Chess.com"]
[Date "2020.04.28"]
[Round "2"]
[White "bakki78"]
[Black "Sunnika"]
[Result "1-0"]
[WhiteElo "2739"]
[BlackElo "2334"]
[TimeControl "180+1"]
[EndTime "10:16:10 PDT"]
[Termination "bakki78 won by resignation"]

1. e4 e6 2. d4 d5 3. Nd2 c5 4. exd5 exd5 5. Ngf3 Nc6 6. Bb5 cxd4 7. O-O Bd6 8. Nb3 Ne7 9. Nbxd4 O-O 10. Bd3 f6 11.
h3 Ne5 12. Re1 a6 13. c3 Qc7 14. Bc2 Bd7 15. Bb3 Kh8 16. Be3 Rad8 17. Qe2 Nc4 18. Rad1 Ng6 19. Bc1 Nge5 20. Bc2 Rfe8 21. Nxe5 Rxe5 22.
Qd3 g6 23. Qf3 Kg7 24. b3 Rxe1+ 25. Rxe1 Ne5 26. Qe3 Nf7 27. Bd2 Re8 28. Qxe8 Bxe8 29. Ne6+ Kg8 30. Nxc7 1-0

[Event "*** Titled Tuesday Blitz"]
[Site "Chess.com"]
[Date "2020.04.28"]
[Round "2"]
[White "LiemLe"]
[Black "jposthuma"]
[Result "1-0"]
[WhiteElo "2997"]
[BlackElo "2585"]
[TimeControl "180+1"]
[EndTime "10:16:11 PDT"]
[Termination "LiemLe won on time"]

1. d4 Nf6 2. c4 c5 3. d5 b5 4. Qc2 bxc4 5. e4 e6 6. Bxc4 exd5 7. exd5 d6 8. Nc3 Nbd7 9. Nge2 Nb6 10. b3 g6 11. O-O Bg7 12. Ng3 O-O 13. Bf4 h5 14.
Rae1 h4 15. Nge4 Nxe4 16. Nxe4 Bf5 17. Qd2 Nxc4 18. bxc4 Bxe4 19. Rxe4 h3 20. gxh3 Qh4 21. Qe3 f5 22. Re6 Bd4 23. Qg3 Qxg3+ 24. hxg3 Rf6 25. Rfe1 Rxe6 26. Rxe6 Rb8 27. Rxg6+ Kf7 28. Rxd6 Rb1+ 29. Kg2 Rb2 30. g4 1-0

[Event "*** Titled Tuesday Blitz"]
[Site "Chess.com"]
[Date "2020.04.28"]
[Round "2"]
[White "Skatchkov_V"]
[Black "DDTerziev04"]
[Result "0-1"]
[WhiteElo "2553"]
[BlackElo "2316"]
[TimeControl "180+1"]
[EndTime "10:16:11 PDT"]
[Termination "DDTerziev04 won by resignation"]

1. d4 d5 2. c4 dxc4 3. e4 Nf6 4. e5 Nd5 5. Bxc4 Nb6 6. Bb3 Nc6 7. Ne2 Bf5 8. O-O e6 9. Nbc3 Be7 10. Be3 Nb4 11. Ng3 Bg6 12. Nce4 N4d5 13. Bd2 O-O 14. Rc1 c6 15.
Kh1 f5 16. exf6 Bxf6 17. Nxf6+ Qxf6 18. Qg4 Bf5 19. Nxf5 exf5 20. Qg3 f4 21. Qd3 f3 22.
Qxf3 Qxf3 23. gxf3 Rxf3 24. Rce1 Raf8 25. Kg2 R3f6 26.
Re7 R6f7 27. Rxf7 Rxf7 28. Re1 Rd7 29. Re8+ Kf7 30. Ra8 Nxa8 0-1

[Event "*** Titled Tuesday Blitz"]
[Site "Chess.com"]
[Date "2020.04.28"]
[Round "2"]
[White "Andro2"]
[Black "hongnhung1234"]
[Result "1-0"]
[WhiteElo "2436"]
[BlackElo "2195"]
[TimeControl "180+1"]
[EndTime "10:16:11 PDT"]
[Termination "Andro2 won on time"]

1. e4 c5 2. Nc3 e6 3. g3 Nc6 4. Bg2 Nge7 5. Nf3 g6 6. d4 cxd4 7.
Nxd4 Bg7 8. Be3 O-O 9. O-O a6 10. a4 Qc7 11. Nb3 b6 12. Bf4 Ne5 13. Qe2 Bb7 14.
Rfd1 Rfd8 15. Bg5 d6 16. Nd2 Rac8 17. h4 Rd7 18. Ra3 1-0

[Event "*** Titled Tuesday Blitz"]
[Site "Chess.com"]
[Date "2020.04.28"]
[Round "2"]
[White "kingmonkey2006"]
[Black "powermove"]
[Result "1-0"]
[WhiteElo "2602"]
[BlackElo "1645"]
[TimeControl "180+1"]
[EndTime "10:16:12 PDT"]
[Termination "kingmonkey2006 won by resignation"]

1. e4 e5 2. Nf3 Nc6 3. Bb5 a6 4. Ba4 Nf6 5. d3 Bc5 6. O-O d6 7. c3 O-O 8. Nbd2 Ba7 9. Re1 Ne7 10. Nf1 Ng6 11. Be3 Nh5 12. Bxa7 Rxa7 13. Nxe5 Nxe5 14. d4 Nf4 15. dxe5 dxe5 16. Qxd8 Rxd8 17. Rad1 Rf8 18. Ne3 Be6 19. g3 Nh3+ 20. Kg2 Ng5 21. f3 Raa8 22. h4 Bh3+ 23. Kh2 Nxf3+ 24. Kxh3 Nxe1 25.
Rxe1 Rad8 26. Re2 g6 27. Bb3 Kg7 28. h5 c6 29. Ng4 f6 30. h6+ Kh8 31. Rf2 Rd6 32.
Nxe5 Re8 33. Nf7+ 1-0

[Event "*** Titled Tuesday Blitz"]
[Site "Chess.com"]
[Date "2020.04.28"]
[Round "2"]
[White "TudorAnton"]
[Black "Grootneus"]
[Result "0-1"]
[WhiteElo "2499"]
[BlackElo "2194"]
[TimeControl "180+1"]
[EndTime "10:16:12 PDT"]
[Termination "Grootneus won by resignation"]

1. d4 d5 2. c4 c6 3. Nf3 Nf6 4. Nc3 dxc4 5. e4 b5 6. e5 Nd5 7. Ne4 e6 8. Be2 Be7 9. O-O Nd7 10. Re1 Bb7 11. a4 a6 12. Bd2 O-O 13. Qc1 c5 14. Bg5 cxd4 15. Bxe7 Qxe7 16. Nd6 Nxe5 17. Nxb7 Nxf3+ 18. Bxf3 Qxb7 19. Re5 Qd7 20. h4 Rac8 21. axb5 axb5 22.
h5 Nb4 23. Re2 d3 24. Re3 Nc2 25. h6 Nxa1 26. hxg7 Rfd8 27. Qxa1 d2 28. Qd1 Qd4 29. Be4 f5 30. Bf3 Qxb2 31. Qf1 Qc1 32. Bd1 c3 33. Rxe6 c2 34. Qxb5 Qxd1+ 35. Kh2 Qh5+ 36. Kg3 Qg4+ 0-1

[Event "*** Titled Tuesday Blitz"]
[Site "Chess.com"]
[Date "2020.04.28"]
[Round "2"]
[White "Alohamora11"]
[Black "vugarrasulov"]
[Result "0-1"]
[WhiteElo "2511"]
[BlackElo "2770"]
[TimeControl "180+1"]
[EndTime "10:16:13 PDT"]
[Termination "vugarrasulov won by resignation"]

1. e4 c5 2. Nf3 d6 3. d4 cxd4 4. Nxd4 Nf6 5. Nc3 Nc6 6. Bc4 e6 7. Be3 Be7 8. Qe2 a6 9. O-O-O Qc7 10. Bb3 Na5 11. g4 b5 12. g5 Nxb3+ 13. cxb3 Nd7 14. Kb1 Bb7 15. Rc1 Qa5 16. f3 O-O 17. h4 Rac8 18. h5 b4 19. Na4 Bxg5 20. h6 g6 21. f4 Bxe4+ 22. Ka1 Bxh1 23. Rxh1 Bf6 24. Rg1 Qd5 25. f5 Bxd4 26. fxg6 hxg6 27. h7+ Kh8 28.
Rd1 Qe5 29. Bxd4 Qxd4 30. a3 Qe5 31. Qf2 bxa3 32. Re1 axb2+ 33. Nxb2 Qa5+ 34. Kb1 Qf5+ 0-1

[Event "*** Titled Tuesday Blitz"]
[Site "Chess.com"]
[Date "2020.04.28"]
[Round "2"]
[White "tgpgoat"]
[Black "Agent-JL"]
[Result "0-1"]
[WhiteElo "2197"]
[BlackElo "2436"]
[TimeControl "180+1"]
[EndTime "10:16:13 PDT"]
[Termination "Agent-JL won by resignation"]

1. e4 c5 2. Nf3 e6 3. d4 cxd4 4. Nxd4 Nc6 5. Nc3 Qc7 6. Be3 a6 7. Bd3 b5 8. O-O Bb7 9. Kh1 Nf6 10. f4 Na5 11. e5 Nd5 12. Nxd5 Bxd5 13. c3 Nc4 14.
Bc1 d6 15. exd6 Bxd6 16. Qg4 g6 17. f5 Ne5 18. Qg5 Nxd3 19. fxe6 fxe6 20. Qg4 O-O-O 21. Bg5 Rde8 22. a4 Qb7 23. axb5 axb5 24. Ra5 Rhf8 25. Rxf8 Rxf8 26. Kg1 Qf7 27. Ra8+ Bxa8 0-1

[Event "*** Titled Tuesday Blitz"]
[Site "Chess.com"]
[Date "2020.04.28"]
[Round "2"]
[White "moro182"]
[Black "Nara_Kh"]
[Result "1-0"]
[WhiteElo "2695"]
[BlackElo "2458"]
[TimeControl "180+1"]
[EndTime "10:16:14 PDT"]
[Termination "moro182 won by resignation"]

1. d4 Nf6 2. Bf4 g6 3. Nc3 Bg7 4. e4 d6 5. Qd2 Nc6 6. Nf3 a6 7. d5 Nb8 8. Bh6 O-O 9. Bd3 Nbd7 10. h4 Ne5 11. Nxe5 dxe5 12. f3 Nh5 13. Ne2 e6 14. g4 Nf4 15. Bxg7 Nxd3+ 16. Qxd3 Kxg7 17. O-O-O exd5 18. exd5 Qd6 19. h5 Bd7 20. Ng3 Qf6 21. Ne4 Qf4+ 22.
Kb1 f5 23. Nc5 Bb5 24. Ne6+ Kg8 25. Nxf4 Bxd3 26. Nxd3 Rfe8 27. hxg6 hxg6 28. gxf5 gxf5 29. Rhe1 e4 30. fxe4 1-0

[Event "*** Titled Tuesday Blitz"]
[Site "Chess.com"]
[Date "2020.04.28"]
[Round "2"]
[White "Rakesh"]
[Black "Alexandercs432"]
[Result "1/2-1/2"]
[WhiteElo "2385"]
[BlackElo "2105"]
[TimeControl "180+1"]
[EndTime "10:16:14 PDT"]
[Termination "Game drawn by repetition"]

1. e4 e5 2. Nf3 Nf6 3. Nc3 Nc6 4. d4 exd4 5. Nxd4 Bb4 6. Nxc6 bxc6 7. Bd3 d5 8. exd5 O-O 9. O-O cxd5 10. Bg5 c6 11.
Qf3 Bd6 12. Rae1 h6 13. Bxf6 Qxf6 14. Qxf6 gxf6 15. Ne2 Be6 16. Nd4 Bd7 17. Bf5 c5 18.
Bxd7 cxd4 19. Bc6 Rab8 20. Bxd5 Rxb2 21. Bb3 a5 22. a4 d3 23. Rd1 dxc2 24. Bxc2 Bxh2+ 25. Kxh2 Rxc2 26. Rd5 Rb8 27. Rxa5 Rbb2 28. Rf5 Kg7 29.
Rf4 Ra2 30. Kg3 Rc3+ 31. f3 Rca3 32. Rg4+ Kf8 33. Rh1 Rxa4 34. Rxa4 Rxa4 35. Rxh6 Kg7 36. Rh4 Ra1 37. Rg4+ Kf8 38. Rf4 Kg7 39. Kg4 Ra5 40.
g3 Ra1 41. Rb4 Ra6 42. Rb7 Rc6 43. f4 Rc5 44. Rb4 Ra5 45. Rc4 Rb5 46. Rd4 Ra5 47.
Rc4 Rb5 48. Ra4 Rc5 49. Kf3 Rb5 50. Kg2 Rc5 51. Kh3 Rb5 52. Rc4 Ra5 53. Kg4 1/2-1/2

[Event "*** Titled Tuesday Blitz"]
[Site "Chess.com"]
[Date "2020.04.28"]
[Round "2"]
[White "stanyga"]
[Black "AshotParvanyan"]
[Result "1-0"]
[WhiteElo "2700"]
[BlackElo "2470"]
[TimeControl "180+1"]
[EndTime "10:16:20 PDT"]
[Termination "stanyga won by resignation"]

1. e4 e6 2. d4 d5 3. e5 c5 4. c3 Nc6 5. Nf3 Bd7 6. Be2 Rc8 7. O-O Nge7 8. Re1 cxd4 9. cxd4 Nf5 10. Nc3 a6 11. Bd3 Nfxd4 12. Nxd4 Nxd4 13. Qg4 Nc6 14. Bg5 Qc7 15. Nxd5 exd5 16. e6 Bxe6 17. Bf5 Ne5 18. Bxe6 Nxg4 19. Bxg4+ Be7 20. Bxe7 Qxe7 21. Bxc8 1-0

[Event "*** Titled Tuesday Blitz"]
[Site "Chess.com"]
[Date "2020.04.28"]
[Round "2"]
[White "Jaka_Brilej"]
[Black "TheMightyBishops"]
[Result "1-0"]
[WhiteElo "2369"]
[BlackElo "2000"]
[TimeControl "180+1"]
[EndTime "10:16:21 PDT"]
[Termination "Jaka_Brilej won by resignation"]

1. e4 d6 2. d4 Nf6 3. Nc3 Nbd7 4. f3 e5 5. Be3 Be7 6. Qd2 h6 7. Nge2 c6 8. O-O-O b5 9. g4 b4 10. Nb1 Qa5 11.
a3 Rb8 12. Ng3 g6 13. Bc4 Qc7 14. axb4 Nb6 15. Bb3 Ra8 16. h4 a5 17. bxa5 Nbd7 18.
g5 Nh5 19. Nxh5 gxh5 20. gxh6 Rxa5 21. Bg5 f6 22. Be3 Qa7 23. dxe5 Nxe5 24. Bxa7 Rxa7 25. f4 Nf3 26. Qe3 c5 27. Qxf3 Bg4 28. Qe3 Bf8 29.
Na3 Bxh6 30. Rxd6 Ke7 31. e5 fxe5 32. Qxe5+ 1-0

[Event "*** Titled Tuesday Blitz"]
[Site "Chess.com"]
[Date "2020.04.28"]
[Round "2"]
[White "vovachesss"]
[Black "GadimbayliA"]
[Result "1-0"]
[WhiteElo "2588"]
[BlackElo "2897"]
[TimeControl "180+1"]
[EndTime "10:16:22 PDT"]
[Termination "vovachesss won by resignation"]

1. d4 d5 2. Nc3 Nf6 3. Bf4 Nc6 4. Nb5 e5 5. dxe5 Nh5 6. e3 Nxf4 7. exf4 a6 8. Nd4 Nxd4 9. Qxd4 c5 10. Qd2 Qb6 11. O-O-O Be6 12. f5 Bxf5 13. Qxd5 Be7 14. Bd3 Be6 15.
Qe4 Rd8 16. Nf3 g6 17. h4 h5 18. Bc4 Bf5 19. Rxd8+ Bxd8 20. Qf4 O-O 21. Rd1 Be7 22.
Ng5 Kg7 23. f3 Qf6 24. exf6+ Bxf6 25. g4 1-0

[Event "*** Titled Tuesday Blitz"]
[Site "Chess.com"]
[Date "2020.04.28"]
[Round "2"]
[White "Frogo47"]
[Black "jacky72"]
[Result "0-1"]
[WhiteElo "2479"]
[BlackElo "2713"]
[TimeControl "180+1"]
[EndTime "10:16:23 PDT"]
[Termination "jacky72 won by checkmate"]

1. e4 e5 2. Nf3 Nc6 3. Bb5 a6 4.
Ba4 d6 5. c3 Bd7 6. O-O g6 7.
d4 Bg7 8. Re1 Nf6 9. d5 Ne7 10.
Bxd7+ Nxd7 11. c4 O-O 12. Nc3 h6 13. a4 f5 14. a5 f4 15. b4 g5 16. h3 Ng6 17. c5 h5 18. c6 g4 19. Nh2 g3 20.
fxg3 fxg3 21. Nf3 Nf6 22. Bg5 Rb8 23. b5 axb5 24. cxb7 b4 25. Na4 Rxb7 26. a6 Ra7 27. Nb2 Qd7 28. Qd3 Nf4 29. Bxf4 exf4 30. e5 dxe5 31.
Nxe5 Qxd5 32. Qg6 Qd4+ 33. Kh1 Qxb2 34. Rad1 Rxa6 35. Qg5 Ra2 36. Rg1 Ne4 37. Qxh5 Nf2# 0-1

[Event "*** Titled Tuesday Blitz"]
[Site "Chess.com"]
[Date "2020.04.28"]
[Round "2"]
[White "floplover"]
[Black "NeverEverForever1990"]
[Result "0-1"]
[WhiteElo "2232"]
[BlackElo "2461"]
[TimeControl "180+1"]
[EndTime "10:16:23 PDT"]
[Termination "NeverEverForever1990 won by checkmate"]

1. d4 Nf6 2. c4 g6 3. Nc3 Bg7 4. e4 d6 5. Nf3 Bg4 6. Be2 O-O 7.
O-O Nfd7 8. Be3 c5 9. d5 Na6 10.
h3 Bxf3 11. Bxf3 Qa5 12. Rc1 Qb4 13. Qc2 Ne5 14. Be2 Nxc4 15. Bg5 f6 16. Bh4 Nb6 17. Nb5 Bh6 18. Rcd1 c4 19. Nd4 Nc5 20. f4 Nba4 21. Rd2 Nxe4 22. Qxe4 Qxd2 23. Ne6 f5 24. Qxc4 Nxb2 25.
Qb5 a6 26. Qxb7 Qxe2 27. Bxe7 Nc4 28. Bxf8 Ne3 29. Bxh6 Qxg2# 0-1

[Event "*** Titled Tuesday Blitz"]
[Site "Chess.com"]
[Date "2020.04.28"]
[Round "2"]
[White "crescentmoon2411"]
[Black "Gyapiking"]
[Result "1-0"]
[WhiteElo "2776"]
[BlackElo "2514"]
[TimeControl "180+1"]
[EndTime "10:16:24 PDT"]
[Termination "crescentmoon2411 won by resignation"]

1. e4 d6 2. d4 g6 3. Nc3 c6 4. Be3 Nf6 5. Qd2 b5 6. Bd3 Nbd7 7. Nf3 Bg7 8. O-O O-O 9. h3 Qc7 10. Bh6 e5 11. Ne2 exd4 12. Nexd4 Ne5 13. Rfe1 a6 14. Nxe5 dxe5 15. Nf3 Nh5 16. Bxg7 Kxg7 17. a4 Be6 18. Qc3 f6 19. axb5 axb5 20. Bxb5 Rac8 21. Bf1 Nf4 22. Ra5 Rf7 23. Rea1 Qb6 24. Ne1 Rd8 25. Nd3 Nxd3 26. Bxd3 Rd6 27. Qc5 Qd8 28. Ra8 Qd7 29. R1a7 1-0

[Event "*** Titled Tuesday Blitz"]
[Site "Chess.com"]
[Date "2020.04.28"]
[Round "2"]
[White "Riazantsev"]
[Black "atalz0"]
[Result "1-0"]
[WhiteElo "2683"]
[BlackElo "2425"]
[TimeControl "180+1"]
[EndTime "10:16:24 PDT"]
[Termination "Riazantsev won by resignation"]

1. d4 d5 2. c4 e6 3. Nf3 a6 4. e3 Nf6 5. Nc3 Be7 6. Qc2 O-O 7. b3 c5 8. cxd5 exd5 9. Bb2 Nc6 10.
Rd1 Bg4 11. Be2 Bxf3 12. Bxf3 cxd4 13. exd4 Rc8 14. O-O Qd7 15. Rfe1 Rfd8 16. h3 h6 17. Qd3 Bd6 18. Kh1 Bb8 19. a3 Ne7 20. Na4 Qd6 21. g3 Ba7 22. b4 a5 23. Nc5 b6 24.
Nb7 Qd7 25. Nxd8 Rxd8 26. Kg2 axb4 27. axb4 h5 28. h4 Ng6 29. Bc1 Rc8 30. Bg5 Qd6 31.
Qf5 Rc4 32. Bxf6 Qxf6 33. Qxf6 gxf6 34. b5 1-0

[Event "*** Titled Tuesday Blitz"]
[Site "Chess.com"]
[Date "2020.04.28"]
[Round "2"]
[White "ulkaf961"]
[Black "FelixJoseYnojosa"]
[Result "0-1"]
[WhiteElo "2183"]
[BlackElo "2616"]
[TimeControl "180+1"]
[EndTime "10:16:24 PDT"]
[Termination "FelixJoseYnojosa won by resignation"]

1. e4 c5 2. Nf3 Nc6 3. Bb5 e6 4.
O-O Nge7 5. c3 a6 6. Bd3 d5 7.
Re1 d4 8. a4 Ng6 9. Bf1 d3 10.
b3 Rb8 11. Re3 Nce5 12. Nxe5 Nxe5 13. f4 Ng6 14. Rxd3 Qb6 15. c4 Nxf4 16. Rf3 e5 17.
Bb2 Bd6 18. Rg3 O-O 19. Nc3 Be6 20. Nd5 Bxd5 21. exd5 f5 22. Re3 Rbe8 23. Qe1 e4 24. g3 Ng6 25. d3 Qxb3 26. Rb1 Qxa4 27. dxe4 f4 28. Ra3 Qd7 29. Qd2 fxg3 30. hxg3 Rxe4 31. Bd3 Rg4 32. Qh2 Rf3 33. Bxg6 Rgxg3+ 34. Qxg3 Rxg3+ 35. Rxg3 Bxg3 36. Be4 Qh3 37. Bg2 Bh2+ 38. Kh1 Qh5 39. Ba3 Be5+ 40. Kg1 Bd4+ 41. Kf1 Qf5+ 0-1

[Event "*** Titled Tuesday Blitz"]
[Site "Chess.com"]
[Date "2020.04.28"]
[Round "2"]
[White "VitaliyBernadskiy"]
[Black "Blitzking642"]
[Result "1-0"]
[WhiteElo "2701"]
[BlackElo "2323"]
[TimeControl "180+1"]
[EndTime "10:16:26 PDT"]
[Termination "VitaliyBernadskiy won by resignation"]

1. e4 c5 2. Nf3 Nc6 3. Nc3 g6 4. h4 h6 5. d4 cxd4 6. Nxd4 Bg7 7. Be3 Nf6 8. Bc4 d6 9. f3 Bd7 10. Bb3 Rc8 11. Qd2 Ne5 12. O-O-O Nc4 13. Bxc4 Rxc4 14.
Kb1 Qa5 15. Nb3 Qc7 16. g4 Rxc3 17. Qxc3 Qxc3 18. bxc3 b6 19. Bd4 Be6 20. g5 Nh5 21. Bxg7 Nxg7 22. f4 Bg4 23. Rde1 Ne6 24. Rhg1 h5 25.
Rgf1 Kd7 26. f5 Nc5 27. Nxc5+ bxc5 28. Kc1 Rb8 29. Kd2 Rb2 30. Rb1 Rxb1 31. Rxb1 Kc6 32. fxg6 fxg6 33. Rb8 Be6 34. Re8 Kd7 35. Ra8 Bc4 36.
Rxa7+ Ke6 37. a4 Ke5 38. Rxe7+ Kf4 39. Rg7 Kg4 40. Rxg6 1-0

[Event "*** Titled Tuesday Blitz"]
[Site "Chess.com"]
[Date "2020.04.28"]
[Round "2"]
[White "albano87"]
[Black "cukin84"]
[Result "1-0"]
[WhiteElo "2388"]
[BlackElo "2076"]
[TimeControl "180+1"]
[EndTime "10:16:26 PDT"]
[Termination "albano87 won by resignation"]

1. e4 c6 2. d4 d5 3. Nc3 a6 4. Bd3 dxe4 5. Bxe4 Nf6 6. Bf3 Bf5 7. Nge2 e6 8. Ng3 Bg6 9. h4 h5 10. Bg5 Be7 11. Qe2 Nbd7 12. O-O-O Qa5 13. Kb1 O-O-O 14. Nce4 Qb5 15. Rd3 Rhe8 16. Rhd1 Nd5 17. Bxe7 Rxe7 18. Qd2 Bxe4 19. Nxe4 N7f6 20. Nc5 Nb4 21. Rb3 a5 22. a3 e5 23. axb4 Rxd4 24. Qe1 axb4 25. Rxd4 Qxc5 26.
Rdxb4 e4 27. Be2 Nd5 28. Rc4 Qa7 29. Bxh5 g6 30. Bd1 f5 31. h5 gxh5 32. Bxh5 Rh7 33. Bg6 Rh8 34. Bxf5+ Kc7 35. Bxe4 1-0

[Event "*** Titled Tuesday Blitz"]
[Site "Chess.com"]
[Date "2020.04.28"]
[Round "2"]
[White "kleopl"]
[Black "praveenb2002"]
[Result "0-1"]
[WhiteElo "2480"]
[BlackElo "2715"]
[TimeControl "180+1"]
[EndTime "10:16:27 PDT"]
[Termination "praveenb2002 won by resignation"]

1. c4 e5 2. Nc3 Bb4 3. Nd5 Bc5 4. Nf3 c6 5. Nc3 Qe7 6. e3 d6 7. Be2 e4 8. Nd4 Nf6 9. O-O O-O 10. Rb1 d5 11.
cxd5 cxd5 12. d3 Rd8 13. a3 Nc6 14. Nxc6 bxc6 15. b4 Bd6 16. Bb2 exd3 17. Qxd3 Qe5 18. f4 Qe7 19. Rbc1 a5 20. b5 Bc5 21. Nd1 cxb5 22. Bxf6 gxf6 23. Qxb5 Bxe3+ 24. Nxe3 Qxe3+ 25. Kh1 Ba6 26. Qb2 Qxe2 27. Qxf6 Qe6 28. Qh4 Bxf1 29.
Rxf1 f5 30. Re1 Qg6 31. h3 Re8 0-1

[Event "*** Titled Tuesday Blitz"]
[Site "Chess.com"]
[Date "2020.04.28"]
[Round "2"]
[White "Malev212"]
[Black "Sashadav97"]
[Result "0-1"]
[WhiteElo "2498"]
[BlackElo "2749"]
[TimeControl "180+1"]
[EndTime "10:16:28 PDT"]
[Termination "Sashadav97 won by resignation"]

1. d4 d5 2. Nc3 Nf6 3. Bg5 h6 4. Bh4 Nbd7 5. f3 c5 6. dxc5 e6 7. b4 b6 8. e4 bxc5 9. exd5 cxb4 10. Nb5 Bc5 11. dxe6 O-O 12. exd7 Bxd7 13. Bd3 a6 14. Nd6 Bxd6 15. Bh7+ Kxh7 16. Qxd6 Re8+ 17. Kd1 Bf5 18. Qxd8 Raxd8+ 19. Kc1 Rc8 0-1

[Event "*** Titled Tuesday Blitz"]
[Site "Chess.com"]
[Date "2020.04.28"]
[Round "2"]
[White "ljuks68"]
[Black "Carnivoras"]
[Result "1-0"]
[WhiteElo "2358"]
[BlackElo "2632"]
[TimeControl "180+1"]
[EndTime "10:16:28 PDT"]
[Termination "ljuks68 won by resignation"]

1. e4 e5 2. Nf3 Nc6 3. Bb5 Nge7 4.
d4 exd4 5. Nxd4 g6 6. Nxc6 bxc6 7.
Ba4 Bg7 8. h4 h5 9. Bg5 Bxb2 10.
Nd2 Ba6 11. Rb1 Bg7 12. c4 Rb8 13. O-O Rxb1 14. Qxb1 O-O 15. Re1 Re8 16. e5 Qc8 17. Ne4 Bxc4 18. Nf6+ Bxf6 19. Bxf6 Nf5 20. Qe4 Qa6 21.
Bc2 Qxa2 22. Bb1 Qa5 23. Rd1 Bd5 24. Qf4 Ng7 25. Qh6 1-0

[Event "*** Titled Tuesday Blitz"]
[Site "Chess.com"]
[Date "2020.04.28"]
[Round "2"]
[White "TheBigBoss04"]
[Black "GelmanAlexander"]
[Result "0-1"]
[WhiteElo "2738"]
[BlackElo "2519"]
[TimeControl "180+1"]
[EndTime "10:16:30 PDT"]
[Termination "GelmanAlexander won by resignation"]

1. c4 c5 2. Nc3 e6 3. g3 Nf6 4.
Bg2 Be7 5. e4 d6 6. Nge2 a6 7.
O-O O-O 8. d3 Nc6 9. b3 Rb8 10.
h3 b5 11. Be3 Bd7 12. Qd2 h6 13. f4 b4 14. Nd1 e5 15. f5 Nh7 16. h4 a5 17. Nf2 a4 18. Ng4 Kh8 19. Bh3 Nd4 20.
Nxd4 cxd4 21. Bxh6 gxh6 22. f6 Bxg4 23. fxe7 Qxe7 24.
Bxg4 Rg8 25. Qe2 h5 26. Bxh5 Rxg3+ 27. Kf2 Qxh4 28. Rh1 Rh3+ 0-1

[Event "*** Titled Tuesday Blitz"]
[Site "Chess.com"]
[Date "2020.04.28"]
[Round "2"]
[White "KrolPawel92OnTwitch"]
[Black "Misticpikachu"]
[Result "1-0"]
[WhiteElo "2639"]
[BlackElo "2311"]
[TimeControl "180+1"]
[EndTime "10:16:30 PDT"]
[Termination "KrolPawel92OnTwitch won on time"]

1. e4 c5 2. Ne2 Nc6 3. g3 Nf6 4. Bg2 g6 5. O-O Bg7 6. c3 O-O 7. d4 cxd4 8. cxd4 d6 9. h3 Re8 10. Nbc3 Bd7 11. Be3 Rc8 12. Qd2 a6 13. f4 e5 14. fxe5 dxe5 15. d5 Na5 16. b3 b5 17.
Rae1 Nb7 18. Bg5 Qb6+ 19. Kh2 Nh5 20. Nd1 Nc5 21. g4 Nf4 22. Nxf4 exf4 23. Bxf4 Be5 24. Bxe5 Rxe5 25. Qf4 Re7 26. d6 Ne6 27. Qg3 Ree8 28. Ne3 Rc3 29. Nd5 Rxg3 30. Nxb6 Rxg2+ 31. Kxg2 Bc6 32.
Kg3 Nc5 33. e5 Ne4+ 34. Rxe4 Bxe4 35. d7 Rd8 36. Rc1 Kf8 37. Kf4 1-0

[Event "*** Titled Tuesday Blitz"]
[Site "Chess.com"]
[Date "2020.04.28"]
[Round "2"]
[White "Chepaschess"]
[Black "frankshar"]
[Result "1-0"]
[WhiteElo "2634"]
[BlackElo "2266"]
[TimeControl "180+1"]
[EndTime "10:16:30 PDT"]
[Termination "Chepaschess won by resignation"]

1. d4 Nf6 2. c4 e6 3. Nf3 d5 4. g3 dxc4 5. Bg2 Bb4+ 6. Bd2 c5 7. Bxb4 cxb4 8. Ne5 O-O 9. O-O Nc6 10. Bxc6 bxc6 11.
a3 c5 12. dxc5 Qc7 13. Qd6 Qxd6 14. cxd6 Rd8 15. axb4 Rxd6 16. Nxc4 Rc6 17. Nba3 Rb8 18. Rfd1 Kf8 19. b5 Rc5 20. Rac1 Bd7 21. b4 Rc7 22. Nb6 Rxc1 23. Nxd7+ Nxd7 24. Rxc1 Ke7 25. Rc7 Ra8 26. Nc4 f6 27. b6 a6 28. b7 Rb8 29.
Na5 Kd8 30. Rc6 Ke7 31. Rxa6 1-0

[Event "*** Titled Tuesday Blitz"]
[Site "Chess.com"]
[Date "2020.04.28"]
[Round "2"]
[White "MusicCityMaster"]
[Black "RubensCezila"]
[Result "0-1"]
[WhiteElo "2240"]
[BlackElo "2466"]
[TimeControl "180+1"]
[EndTime "10:16:30 PDT"]
[Termination "RubensCezila won by resignation"]

1. e4 c6 2. d4 d5 3. Nc3 dxe4 4. Nxe4 Nf6 5. Nxf6+ exf6 6. Bc4 Bd6 7. Ne2 O-O 8.
O-O Qc7 9. h3 Re8 10. c3 Nd7 11.
Be3 Nf8 12. Qd2 Ng6 13. Rae1 b5 14. Bb3 a5 15. f4 Bf5 16. Ng3 Nh4 17. Qf2 Bd3 18.
Ne2 Nf5 19. Bd2 Bxe2 20. Rxe2 Rxe2 21. Qxe2 Ng3 22. Qf3 Nxf1 23. Qxf1 a4 24. Bc2 Re8 25.
Qd3 Bxf4 26. Qxh7+ Kf8 27. Qd3 Bxd2 28. Qxd2 Qg3 29.
Bd3 Qe3+ 30. Qxe3 Rxe3 31. Bf1 a3 32. bxa3 Rxc3 33. d5 cxd5 34. Bxb5 Rxa3 35. Bc6 d4 36.
Bd5 d3 37. Kf2 d2 38. Ke2 d1=Q+ 0-1

[Event "*** Titled Tuesday Blitz"]
[Site "Chess.com"]
[Date "2020.04.28"]
[Round "2"]
[White "Morshynska"]
[Black "davigator"]
[Result "0-1"]
[WhiteElo "2068"]
[BlackElo "2388"]
[TimeControl "180+1"]
[EndTime "10:16:31 PDT"]
[Termination "davigator won by checkmate"]

1. e4 c5 2. d3 g6 3. f4 Bg7 4. Nf3 d6 5. Be2 Nc6 6. c3 e6 7.
O-O Nge7 8. Kh1 O-O 9. Be3 b6 10. Nbd2 Bb7 11. a4 a6 12. d4 Qc7 13. Rc1 Rad8 14.
Qe1 Qb8 15. Qh4 f6 16. g4 f5 17. gxf5 exf5 18. d5 fxe4 19. Ng5 h6 20. dxc6 Nf5 21.
Qh3 Bc8 22. Bg4 hxg5 23. fxg5 d5 24. Bf4 Be5 25. Bxe5 Qxe5 26. Bxf5 Bxf5 27. Qg2 Rd6 28. c7 Rc6 29. c4 d4 30. Nb3 Rxc7 31. Rce1 Re7 32.
Qg3 e3 33. Qxe5 Rxe5 34. Nc1 Be4+ 35. Kg1 Rxg5# 0-1

[Event "*** Titled Tuesday Blitz"]
[Site "Chess.com"]
[Date "2020.04.28"]
[Round "2"]
[White "GeorgMeier"]
[Black "FedaMaster"]
[Result "1-0"]
[WhiteElo "3021"]
[BlackElo "2590"]
[TimeControl "180+1"]
[EndTime "10:16:33 PDT"]
[Termination "GeorgMeier won by resignation"]

1. Nf3 Nf6 2. g3 g6 3. Bg2 Bg7 4. d4 O-O 5. O-O d5 6. c4 Nc6 7.
cxd5 Nxd5 8. Nc3 Nb6 9. e3 e5 10. d5 e4 11. dxc6 Qxd1 12. Rxd1 exf3 13. Bxf3 bxc6 14.
Bd2 Nc4 15. Rab1 Rb8 16. Na4 Nxb2 17. Nxb2 Rxb2 18. Rxb2 Bxb2 19. Bb4 Re8 20. Bxc6 Re6 21. Rd8+ Kg7 22. Bd5 Rb6 23. Bf8+ Kf6 24. Rxc8 Be5 25.
h4 1-0

[Event "*** Titled Tuesday Blitz"]
[Site "Chess.com"]
[Date "2020.04.28"]
[Round "2"]
[White "Lunow"]
[Black "jonaszmb"]
[Result "0-1"]
[WhiteElo "2198"]
[BlackElo "2438"]
[TimeControl "180+1"]
[EndTime "10:16:33 PDT"]
[Termination "jonaszmb won by resignation"]

1. c4 e6 2. g3 Nf6 3. Bg2 d5 4. Nf3 dxc4 5. Qa4+ Nbd7 6. Qxc4 a6 7. O-O b5 8. Qc2 Bb7 9. a4 c5 10. d3 Bd6 11. Nc3 b4 12. Nd1 O-O 13. b3 e5 14.
Bb2 e4 15. Nh4 exd3 16. exd3 Bxg2 17. Nxg2 Be5 18. Nde3 Bxb2 19. Qxb2 Re8 20. Nc4 Nd5 21. d4 Nc3 22. Rfe1 cxd4 23. Qd2 Nc5 24. Rxe8+ Qxe8 25. Re1 Qd8 26. Qf4 Nd3 0-1